 Dungeon Crawl Stone Soup version 0.32-a0-39-g5c88369fb2 (webtiles) character file.

Game seed: 11617487367306286068

4 Colgate the Gusty (level 1, 0/9 HPs)
             Began as a Vine Stalker Air Elementalist on Feb 5, 2024.
             Slain by a ribbon worm (5 damage)
             ... on level 2 of the Dungeon.
             The game lasted 00:01:14 (275 turns).

Colgate the Gusty (Vine Stalker Air Elementalist)    Turns: 275, Time: 00:01:15

Health: 0/9        AC:  2    Str: 10    XL:     1   Next: 70%
Magic:  0/4        EV: 12    Int: 15    God:
Gold:   13         SH:  0    Dex: 14    Spells: 3/4 levels left

rFire   . . .        (no weapon)
rCold   . . .        (no shield)
rNeg    . . .        a - +0 robe
rPois   .            (no helmet)
rElec   .            (no cloak)
rCorr   .            (no gloves)
SInv    .            (no boots)
Will    .....        (no amulet)
Stlth   ++           (no ring)
HPRegen 1.01/turn    (no ring)
MPRegen 0.09/turn

%: guardian spirit
@: no status effects
A: fangs 2, regeneration 1, magic shield, antimagic bite, no potion heal 2
a: no special abilities


You were on level 2 of the Dungeon.
You visited 1 branch of the dungeon, and saw 2 of its levels.

You collected 13 gold pieces.

Inventory:

Armour
 a - a +0 robe (worn)
Jewellery
 d - a ring of resist corrosion
 f - a +6 ring of dexterity
Scrolls
 e - a scroll of vulnerability {unknown}
Potions
 b - a potion of magic
 c - a potion of curing {unknown}


   Skills:
 + Level 1.0 Short Blades
 - Level 1.5 Dodging
 - Level 2.4 Stealth
 - Level 2.1 Spellcasting
 - Level 1.0 Conjurations
 - Level 3.0 Air Magic


You had 3 spell levels left.
You knew the following spells:

 Your Spells              Type           Power      Damage    Failure   Level
a - Shock                 Conj/Air       28%        1d4       10%         1

Your spell library contained the following spells:

 Spells                   Type           Power      Damage    Failure   Level
 Static Discharge         Conj/Air       14%        3-4/arc   14%         2
 Swiftness                Air            10%        N/A       19%         3
 Airstrike                Air            5%         2d(1-17)  54%         4


Dungeon Overview and Level Annotations

Branches:
Dungeon (1/15)

Altars:


Innate Abilities, Weirdness & Mutations

You have extremely sharp teeth.
Your natural rate of healing is unusually fast.
When hurt, damage is shared between your health and your magic reserves.
Your bite disrupts and absorbs the magic of your enemies.
Potions cannot restore your health.


Message History

You hit the ribbon worm. The ribbon worm closely misses you.
You hit the ribbon worm but do no damage.
The ribbon worm misses you.
You hit the ribbon worm.
The ribbon worm expels a string of sticky webbing.
The stream of webbing hits you but does no damage.
You are caught in a web!
You struggle to detach yourself from the web.
You struggle to detach yourself from the web.
The ribbon worm bites you.
You struggle to detach yourself from the web.
The ribbon worm bites you.
The web tears apart.
The ribbon worm bites you.
You barely miss the ribbon worm. Your bite misses the ribbon worm.
The ribbon worm barely misses you.
You hit the ribbon worm but do no damage.
You bite the ribbon worm. You drain its power.
You feel invigorated.
You hit the ribbon worm. You bite the ribbon worm. You drain its power.
The ribbon worm expels a string of sticky webbing.
The stream of webbing hits you but does no damage.
You are caught in a web!
The web tears apart.
The ribbon worm bites you.
You barely miss the ribbon worm.
You bite the ribbon worm, but do no damage.
The ribbon worm bites you but does no damage.
You hit the ribbon worm but do no damage.
You bite the ribbon worm, but do no damage.
The ribbon worm expels a string of sticky webbing.
The stream of webbing hits you but does no damage.
You are caught in a web!
The web tears apart.
The ribbon worm attacks as it pursues you!
The ribbon worm bites you.
You hit the ribbon worm but do no damage.
Your bite misses the ribbon worm. The ribbon worm bites you!
Ouch! That really hurt!
You hit the ribbon worm but do no damage.
The ribbon worm bites you.
Ouch! That really hurt!
You die...

#.# #.##.#
.....#
#.##.#####
#.##.#...
#.##.#.#
#.#....# ###
#......####.....
#...@w..........
##..............
#....#####.##..
......## #
###.### #.# #.#
#.#


You could see a ribbon worm.

Vanquished Creatures
  A bat (D:1)
  An endoplasm (D:1)
  A hobgoblin (D:1)
  A ball python (D:1)
4 creatures vanquished.

Notes
Turn   | Place    | Note
-------+----------+-------------------------------------------
     0 | D:1      | Colgate the Vine Stalker Air Elementalist began the quest
                  | for the Orb.
     0 | D:1      | Reached XP level 1. HP: 9/9 MP: 4/4
     2 | D:1      | Noticed a demonspawn
     2 | D:1      | Noticed a gargoyle
     4 | D:1      | Noticed an armataur
     4 | D:1      | Noticed a spriggan
     8 | D:1      | Noticed a vampire
    10 | D:1      | Noticed an oni
    10 | D:1      | Noticed a demigod
    12 | D:1      | Noticed a troll
    12 | D:1      | Noticed a felid
    14 | D:1      | Noticed a ghoul
    14 | D:1      | Noticed a merfolk
    16 | D:1      | Noticed a minotaur
    16 | D:1      | Noticed a barachi
    18 | D:1      | Noticed a formicid
    18 | D:1      | Noticed an octopode
    20 | D:1      | Noticed a naga
    20 | D:1      | Noticed a djinni
    22 | D:1      | Noticed a human
    22 | D:1      | Noticed a tengu
    24 | D:1      | Noticed an elf
    26 | D:1      | Noticed a vine stalker
    26 | D:1      | Noticed a draconian
   224 | D:1      | Reached skill level 1 in Short Blades
   226 | D:1      | You fall into a shaft and drop 1 floor!
   275 | D:2      | Slain by a ribbon worm

Illustrated notes

Levels and vault maps discovered:
D:1:      kb_arrival_jail, layout_basic
D:2:      layout_loops_ring

Skill      XL: |  1 |
---------------+----+-----
Short Blades   | 1 |  1.0
Dodging        | |  1.5
Stealth        | |  2.4
Spellcasting   | |  2.1
Conjurations   | |  1.0
Air Magic      | |  3.0

Action                     || total
---------------------------++-------
  Melee: Unarmed           ||    50
         Bite              ||    18
         Punch             ||     1
   Stab: Sleeping          ||     1
 Armour: Robe              ||    28
  Dodge: Dodged            ||    22

Table legend: (Time is in decaauts)
 A = Elapsed time spent in this place.
 B = Non-inter-level travel time spent in this place.
 C = Inter-level travel time spent in this place.
 D = Time resting spent in this place.
 E = Time spent auto-exploring this place.
 F = Levels seen in this place.
 G = Mean time per level.
                   A        B        C        D        E       F      G
               +--------+--------+--------+--------+--------+-----+--------+
         Total |    274 |    274 |      0 |     26 |    132 |   2 |  137.0 |
       Dungeon |    274 |    274 |      0 |     26 |    132 |   2 |  137.0 |
               +--------+--------+--------+--------+--------+-----+--------+

Top non-repeatable levels by time:
     D:1: 226 daAuts
     D:2: 48 daAuts
